NYP
VANCOUVER CANADIANS @ MINNESOTA (NYP) TWINS
07/22/2045
 
TOP OF THE 1ST
Vancouver Canadians batting - Pitching for Minnesota (NYP) Twins : LHP Umberto van der Vleuten
Pitching: LHP Umberto van der Vleuten
Batting: RHB John Michener 0-0: Foul Ball, location: 2F
0-1: Ground out 1-6-3 (Groundball, 15S, EV 102.5 MPH)
Batting: RHB Jose Garate 0-0: Ball
1-0: Called Strike
1-1: Fly out, F5 (Line Drive, 5, EV 73.1 MPH)
Batting: RHB Kyle Scruggs 0-0: Ball
1-0: Ball
2-0: Ball
3-0: Base on Balls
Batting: SHB Ryan Chicoine 0-0: Ball
1-0: Called Strike
1-1: SINGLE (Groundball, 56S, EV 70.0 MPH) (infield hit)
Kyle Scruggs to second
Batting: RHB Dan Hilyer 0-0: Hit by Pitch
Kyle Scruggs to third
Ryan Chicoine to second
Batting: RHB Wade Diamond 0-0: Fly out, F6 (Popup, 6MS, EV 76.9 MPH)
Top of the 1st over - 0 runs, 1 hit, 0 errors, 3 left on base; Vancouver 0 - Minnesota (NYP) 0
BOTTOM OF THE 1ST
Minnesota (NYP) Twins batting - Pitching for Vancouver Canadians : RHP Fernando Torres
Pitching: RHP Fernando Torres
Batting: LHB Chris Munguia 0-0: Swinging Strike
0-1: Foul Ball, location: 2F
0-2: Ball
1-2: Foul Ball, location: 2F
1-2: Foul Ball, location: 2F
1-2: Ball
2-2: Ball
3-2: Fly out, F7 (Flyball, 7, EV 84.4 MPH)
Batting: RHB Sean Gould 0-0: Swinging Strike
0-1: Swinging Strike
0-2: Ball
1-2: Foul Ball, location: 2F
1-2: Strikes out swinging
Batting: SHB Ian Thompson 0-0: Ball
1-0: Foul Ball, location: 2F
1-1: Swinging Strike
1-2: Ball
2-2: Ball
3-2: Foul Ball, location: 2F
3-2: Foul Ball, location: 2F
3-2: Foul Ball, location: 2F
3-2: Fly out, F8 (Flyball, 89M, EV 82.5 MPH)
Bottom of the 1st over - 0 runs, 0 hits, 0 errors, 0 left on base; Vancouver 0 - Minnesota (NYP) 0
TOP OF THE 2ND
Vancouver Canadians batting - Pitching for Minnesota (NYP) Twins : LHP Umberto van der Vleuten
Batting: RHB Lamberto Amicis 0-0: Foul Ball, location: 2F
0-1: SINGLE (Line Drive, 7LM, EV 101.9 MPH)
Batting: RHB Bobby Valdez 0-0: Ball
1-0: TRIPLE (Line Drive, 9LD, EV 113.8 MPH)
Lamberto Amicis scores
Batting: LHB Edgar Castillo 0-0: Called Strike
0-1: Ball
1-1: Called Strike
1-2: Strikes out swinging
Batting: RHB John Michener 0-0: Called Strike
0-1: Ball
1-1: Ball
2-1: Ball
3-1: Foul Ball, location: 2F
3-2: Base on Balls
Batting: RHB Jose Garate 0-0: Ball
1-0: Fly out, F9 (Flyball, 9D, EV 106.9 MPH)
Runner from 3rd tags up, OUT at HOME! 9-2
Top of the 2nd over - 1 run, 2 hits, 0 errors, 1 left on base; Vancouver 1 - Minnesota (NYP) 0
BOTTOM OF THE 2ND
Minnesota (NYP) Twins batting - Pitching for Vancouver Canadians : RHP Fernando Torres
Batting: RHB Michael McDonald 0-0: Ball
1-0: Swinging Strike
1-1: Ball
2-1: Ground out 5-3 (Groundball, 56, EV 81.2 MPH)
Batting: RHB Jose Nunez 0-0: Ball
1-0: Ground out 4-3 (Groundball, 4, EV 98.1 MPH)
Batting: LHB Seung-jun Chang 0-0: Ground out U3 (Groundball, 3, EV 78.1 MPH)
Bottom of the 2nd over - 0 runs, 0 hits, 0 errors, 0 left on base; Vancouver 1 - Minnesota (NYP) 0
TOP OF THE 3RD
Vancouver Canadians batting - Pitching for Minnesota (NYP) Twins : LHP Umberto van der Vleuten
Batting: RHB Kyle Scruggs 0-0: Foul Ball, location: 2F
0-1: Ball
1-1: Foul Ball, location: 2F
1-2: Ball
2-2: Foul Ball, location: 2F
2-2: Ball
3-2: Strikes out swinging
Batting: SHB Ryan Chicoine 0-0: Ball
1-0: Ball
2-0: Ball
3-0: Base on Balls
Batting: RHB Dan Hilyer 0-0: Called Strike
Ryan Chicoine is caught stealing 2nd base 2-4
0-1: Foul Ball, location: 2F
0-2: Strikes out swinging
Top of the 3rd over - 0 runs, 0 hits, 0 errors, 0 left on base; Vancouver 1 - Minnesota (NYP) 0
BOTTOM OF THE 3RD
Minnesota (NYP) Twins batting - Pitching for Vancouver Canadians : RHP Fernando Torres
Batting: RHB David Nardone 0-0: Ground out 4-3 (Groundball, 4, EV 95.0 MPH)
Batting: RHB Tony Crespo 0-0: Ball
1-0: Ball
2-0: Fly out, F9 (Flyball, 9LM, EV 81.2 MPH)
Batting: SHB Donell Burney 0-0: Ball
1-0: Ground out 5-3 (Groundball, 56S, EV 84.4 MPH)
Bottom of the 3rd over - 0 runs, 0 hits, 0 errors, 0 left on base; Vancouver 1 - Minnesota (NYP) 0
TOP OF THE 4TH
Vancouver Canadians batting - Pitching for Minnesota (NYP) Twins : LHP Umberto van der Vleuten
Batting: RHB Wade Diamond 0-0: Ball
1-0: Ball
2-0: SOLO HOME RUN (Flyball, 9LD, EV 96.9 MPH), Distance : 352 ft
Batting: RHB Lamberto Amicis 0-0: Ball
1-0: Ball
2-0: SINGLE (Groundball, 56D, EV 96.9 MPH)
Batting: RHB Bobby Valdez 0-0: Ball
1-0: Called Strike
1-1: Ball
2-1: Ball
Lamberto Amicis steals 2nd base (no throw)
3-1: Called Strike
3-2: Foul Ball, location: 2F
3-2: Foul Ball, location: 2F
3-2: Foul Ball, location: 2F
3-2: Ground out 5-3 (Groundball, 56, EV 91.2 MPH)
Batting: LHB Edgar Castillo 0-0: Ground out 5-3 (Groundball, 56, EV 86.9 MPH)
Batting: RHB John Michener 0-0: Ball
1-0: Called Strike
1-1: Ball
2-1: Ground out 5-3 (Groundball, 56S, EV 70.0 MPH)
Top of the 4th over - 1 run, 2 hits, 0 errors, 1 left on base; Vancouver 2 - Minnesota (NYP) 0
BOTTOM OF THE 4TH
Minnesota (NYP) Twins batting - Pitching for Vancouver Canadians : RHP Fernando Torres
Batting: LHB Chris Munguia 0-0: Ball
1-0: Ball
2-0: Fly out, F2 (Popup, 2R, EV 94.4 MPH)
Batting: RHB Sean Gould 0-0: Called Strike
0-1: Ball
1-1: Foul Ball, location: 2F
1-2: Strikes out swinging
Batting: SHB Ian Thompson 0-0: Ball
1-0: Swinging Strike
1-1: Ball
2-1: Ball
3-1: Base on Balls
Batting: RHB Michael McDonald 0-0: Ball
1-0: Foul Ball, location: 2F
1-1: Called Strike
1-2: Fielders Choice at 2nd, 5-4 (Groundball, 5, EV 91.9 MPH)
Bottom of the 4th over - 0 runs, 0 hits, 0 errors, 1 left on base; Vancouver 2 - Minnesota (NYP) 0
TOP OF THE 5TH
Vancouver Canadians batting - Pitching for Minnesota (NYP) Twins : LHP Umberto van der Vleuten
Batting: RHB Jose Garate 0-0: Called Strike
0-1: Fly out, F9 (Flyball, 89M, EV 91.2 MPH)
Batting: RHB Kyle Scruggs 0-0: Ball
1-0: SOLO HOME RUN (Flyball, 7D, EV 101.2 MPH), Distance : 395 ft
Batting: SHB Ryan Chicoine 0-0: Swinging Strike
0-1: Ball
1-1: Ball
2-1: Foul Ball, location: 2F
2-2: Strikes out looking
Batting: RHB Dan Hilyer 0-0: Ball
1-0: Ball
2-0: Foul Ball, location: 2F
2-1: Foul Ball, location: 2F
2-2: Strikes out looking
Top of the 5th over - 1 run, 1 hit, 0 errors, 0 left on base; Vancouver 3 - Minnesota (NYP) 0
BOTTOM OF THE 5TH
Minnesota (NYP) Twins batting - Pitching for Vancouver Canadians : RHP Fernando Torres
Batting: RHB Jose Nunez 0-0: Called Strike
0-1: Called Strike
0-2: Strikes out swinging
Batting: LHB Seung-jun Chang 0-0: Ball
1-0: Ball
2-0: Foul Ball, location: 2F
2-1: Swinging Strike
2-2: Foul Ball, location: 2F
2-2: SINGLE (Groundball, 34D, EV 100.0 MPH)
Batting: RHB David Nardone 0-0: Ball
Wild Pitch!
Seung-jun Chang to second
1-0: SINGLE (Groundball, 34D, EV 99.4 MPH)
Seung-jun Chang to third
Runner from 3rd tries for Home, SAFE, throw by RF to home
Batting: RHB Tony Crespo 0-0: Ball
1-0: Swinging Strike
1-1: Ball
2-1: Ball
3-1: Foul Ball, location: 2F
3-2: Strikes out swinging
Batting: SHB Donell Burney 0-0: Foul Ball, location: 2F
0-1: Called Strike
Balk!
David Nardone to second
0-2: Ball
1-2: Ground out 4-3 (Groundball, 4, EV 81.9 MPH)
Bottom of the 5th over - 1 run, 2 hits, 0 errors, 1 left on base; Vancouver 3 - Minnesota (NYP) 1
TOP OF THE 6TH
Vancouver Canadians batting - Pitching for Minnesota (NYP) Twins : LHP Umberto van der Vleuten
Batting: RHB Wade Diamond 0-0: Called Strike
0-1: Called Strike
0-2: Strikes out looking
Batting: RHB Lamberto Amicis 0-0: SINGLE (Groundball, 6D, EV 106.2 MPH)
Batting: RHB Bobby Valdez 0-0: Called Strike
0-1: Ball
1-1: Ball
2-1: Called Strike
Lamberto Amicis steals 2nd base
2-2: Fly out, F8 (Flyball, 8LXD, EV 83.8 MPH)
Runner from 2nd tags up, SAFE at 3rd, no throw by CF
Batting: LHB Edgar Castillo 0-0: Ball
1-0: Fly out, F8 (Line Drive, 8LD, EV 89.4 MPH)
Top of the 6th over - 0 runs, 1 hit, 0 errors, 1 left on base; Vancouver 3 - Minnesota (NYP) 1
BOTTOM OF THE 6TH
Minnesota (NYP) Twins batting - Pitching for Vancouver Canadians : RHP Fernando Torres
Batting: LHB Chris Munguia 0-0: Ball
1-0: DOUBLE (Line Drive, 9LS, EV 113.1 MPH)
Batting: RHB Sean Gould 0-0: Called Strike
0-1: Fly out, F8 (Flyball, 8RD, EV 93.1 MPH)
Batting: SHB Ian Thompson 0-0: Called Strike
0-1: Ball
Chris Munguia steals 3rd base
1-1: Foul Ball, location: 2F
1-2: Foul Ball, location: 2F
1-2: Strikes out swinging
Batting: RHB Michael McDonald 0-0: Ball
1-0: Ball
2-0: Swinging Strike
2-1: Foul Ball, location: 2F
2-2: Ball
Wild Pitch!
Chris Munguia scores
3-2: Base on Balls
Batting: RHB Jose Nunez 0-0: Called Strike
0-1: Ball
1-1: Foul Ball, location: 2F
1-2: Ball
2-2: Fly out, F7 (Flyball, 78XD, EV 103.1 MPH)
Bottom of the 6th over - 1 run, 1 hit, 0 errors, 1 left on base; Vancouver 3 - Minnesota (NYP) 2
TOP OF THE 7TH
Vancouver Canadians batting - Pitching for Minnesota (NYP) Twins : LHP Umberto van der Vleuten
Batting: RHB John Michener 0-0: Ball
1-0: Ball
2-0: Fly out, F8 (Flyball, 8LXD, EV 95.6 MPH)
Batting: RHB Jose Garate 0-0: Called Strike
0-1: Foul Ball, location: 2F
0-2: Foul Ball, location: 2F
0-2: Ball
1-2: Foul Ball, location: 2F
1-2: Strikes out looking
Batting: RHB Kyle Scruggs 0-0: Called Strike
0-1: Ball
1-1: Ball
2-1: Ground out 6-3 (Groundball, 6, EV 88.8 MPH)
Top of the 7th over - 0 runs, 0 hits, 0 errors, 0 left on base; Vancouver 3 - Minnesota (NYP) 2
BOTTOM OF THE 7TH
Minnesota (NYP) Twins batting - Pitching for Vancouver Canadians : RHP Fernando Torres
Now in LF: Dan Hilyer
Now in RF: Julio Canseco
Batting: LHB Seung-jun Chang 0-0: Foul Ball, location: 2F
0-1: Foul Ball, location: 2F
0-2: Fly out, F8 (Flyball, 8RD, EV 98.8 MPH)
Batting: RHB David Nardone 0-0: Swinging Strike
0-1: Foul Ball, location: 2F
0-2: Fly out, F8 (Flyball, 8LD, EV 85.0 MPH)
Batting: RHB Tony Crespo 0-0: Ball
1-0: Ball
2-0: Ball
3-0: Base on Balls
Pinch Hitting: RHB Willie Jimenez 0-0: Ball
1-0: Ball
2-0: Called Strike
2-1: Ball
3-1: Foul Ball, location: 2F
3-2: SINGLE (Groundball, 4D, EV 107.5 MPH)
Tony Crespo to second
Tony Crespo to third
Pitching: LHP John Joaquin
Batting: LHB Chris Munguia 0-0: Swinging Strike
0-1: Swinging Strike
0-2: Ball
1-2: Ball
2-2: Strikes out swinging
Bottom of the 7th over - 0 runs, 1 hit, 0 errors, 2 left on base; Vancouver 3 - Minnesota (NYP) 2
TOP OF THE 8TH
Vancouver Canadians batting - Pitching for Minnesota (NYP) Twins : LHP Umberto van der Vleuten
Pitching: RHP Josh Halvorson
Now at SS: Chris Starcher
Batting: SHB Ryan Chicoine 0-0: Called Strike
0-1: Foul Ball, location: 2F
0-2: Ball
1-2: Foul Ball, location: 2F
1-2: Strikes out swinging
Batting: RHB Dan Hilyer 0-0: Ball
1-0: Called Strike
1-1: Foul Ball, location: 2F
1-2: Strikes out swinging
Batting: RHB Wade Diamond 0-0: Ball
1-0: Ball
2-0: Ground out 5-3 (Groundball, 56S, EV 67.5 MPH)
Top of the 8th over - 0 runs, 0 hits, 0 errors, 0 left on base; Vancouver 3 - Minnesota (NYP) 2
BOTTOM OF THE 8TH
Minnesota (NYP) Twins batting - Pitching for Vancouver Canadians : LHP John Joaquin
Pitching: RHP Ashton Klinger
Batting: RHB Sean Gould 0-0: Ball
1-0: Ball
2-0: Ball
3-0: Called Strike
3-1: Base on Balls
Pitching: RHP Bobby Leija
Batting: SHB Ian Thompson 0-0: Ball
Wild Pitch!
Sean Gould to second
1-0: Called Strike
1-1: Ball
2-1: Ball
3-1: Called Strike
3-2: Strikes out swinging
Batting: RHB Michael McDonald 0-0: Called Strike
0-1: Called Strike
0-2: Foul Ball, location: 2F
0-2: Foul Ball, location: 2F
0-2: Ball
1-2: Foul Ball, location: 2F
1-2: Foul Ball, location: 2F
1-2: Strikes out swinging
Batting: RHB Jose Nunez 0-0: Foul Ball, location: 2F
0-1: Ball
1-1: Ball
2-1: Foul Ball, location: 2F
2-2: Ball
3-2: Foul Ball, location: 2F
3-2: DOUBLE (Flyball, 8RXD, EV 101.2 MPH)
Sean Gould scores
Batting: LHB Seung-jun Chang 0-0: Called Strike
0-1: Called Strike
0-2: Strikes out swinging
Bottom of the 8th over - 1 run, 1 hit, 0 errors, 1 left on base; Vancouver 3 - Minnesota (NYP) 3
TOP OF THE 9TH
Vancouver Canadians batting - Pitching for Minnesota (NYP) Twins : RHP Josh Halvorson
Pinch Hitting: LHB Curt Maxwell 0-0: Ball
1-0: Called Strike
1-1: Ball
2-1: Called Strike
2-2: Foul Ball, location: 2F
2-2: Ball
3-2: Strikes out swinging
Pinch Hitting: LHB Cedric Saunders 0-0: Foul Ball, location: 2F
0-1: Swinging Strike
0-2: Strikes out looking
Batting: LHB Julio Canseco 0-0: Swinging Strike
0-1: Ball
1-1: Swinging Strike
1-2: Strikes out looking
Top of the 9th over - 0 runs, 0 hits, 0 errors, 0 left on base; Vancouver 3 - Minnesota (NYP) 3
BOTTOM OF THE 9TH
Minnesota (NYP) Twins batting - Pitching for Vancouver Canadians : RHP Bobby Leija
Pitching: RHP Troy Baker
Now at 2B: Teko van de Sande
Now at SS: Alex Vazquez
Batting: RHB David Nardone 0-0: Called Strike
0-1: Ball
1-1: Ball
2-1: Fly out, F7 (Flyball, 7S, EV 91.2 MPH)
Batting: RHB Tony Crespo 0-0: Ball
1-0: Ball
2-0: Called Strike
2-1: Swinging Strike
2-2: Strikes out swinging
Batting: RHB Chris Starcher 0-0: Ball
1-0: Ball
2-0: Ground out 4-3 (Groundball, 4, EV 90.6 MPH)
Bottom of the 9th over - 0 runs, 0 hits, 0 errors, 0 left on base; Vancouver 3 - Minnesota (NYP) 3
TOP OF THE 10TH
Vancouver Canadians batting - Pitching for Minnesota (NYP) Twins : RHP Josh Halvorson
Pitching: RHP Matt Lundy
Batting: RHB John Michener 0-0: SINGLE (Line Drive, 89S, EV 90.6 MPH)
Pinch Hitting: LHB Roald Jacobs 0-0: Ball
1-0: Called Strike
1-1: Ball
2-1: Ball
3-1: Ball
John Michener to second
Batting: RHB Kyle Scruggs 0-0: Called Strike
0-1: Ball
1-1: Ball
2-1: Foul Ball, location: 2F
2-2: Ball
3-2: Strikes out swinging
Batting: SHB Ryan Chicoine 0-0: Ball
1-0: Called Strike
1-1: Foul Ball, location: 2F
1-2: Ball
2-2: Fly out, F9 (Flyball, 9, EV 85.6 MPH)
Pinch Hitting: SHB Jose Garcia 0-0: Ground out U3 (Groundball, 3S, EV 89.4 MPH)
Top of the 10th over - 0 runs, 1 hit, 0 errors, 2 left on base; Vancouver 3 - Minnesota (NYP) 3
BOTTOM OF THE 10TH
Minnesota (NYP) Twins batting - Pitching for Vancouver Canadians : RHP Troy Baker
Pitching: RHP Aaron Linkous
Now at 1B: Jose Garcia
Now in LF: Roald Jacobs
Batting: LHB Chris Munguia 0-0: Ball
1-0: Called Strike
1-1: Fly out, F8 (Flyball, 8RD, EV 95.6 MPH)
Batting: RHB Sean Gould 0-0: Called Strike
0-1: Foul Ball, location: 2F
0-2: Ball
1-2: Strikes out swinging
Batting: SHB Ian Thompson 0-0: Called Strike
0-1: Called Strike
0-2: Foul Ball, location: 2F
0-2: Ball
1-2: Ground out U3 (Groundball, 3, EV 91.2 MPH)
Bottom of the 10th over - 0 runs, 0 hits, 0 errors, 0 left on base; Vancouver 3 - Minnesota (NYP) 3
TOP OF THE 11TH
Vancouver Canadians batting - Pitching for Minnesota (NYP) Twins : RHP Matt Lundy
Batting: RHB Wade Diamond 0-0: Ball
1-0: Ball
2-0: Ball
3-0: Called Strike
3-1: Called Strike
3-2: Foul Ball, location: 2F
3-2: Base on Balls
Pitching: RHP Yat-sen Zhen
Batting: RHB Alex Vazquez 0-0: Ball
1-0: Ball
2-0: Foul Ball, location: 2F
2-1: Called Strike
2-2: Ball
3-2: Foul Ball, location: 2F
3-2: Strikes out swinging
Batting: LHB Teko van de Sande 0-0: Called Strike
Wade Diamond is caught stealing 2nd base 2-6
0-1: Swinging Strike
0-2: Foul Ball, location: 2F
0-2: Ball
1-2: Ball
2-2: Foul Ball, location: 2F
2-2: Ground out 4-3 (Groundball, 34, EV 90.0 MPH)
Top of the 11th over - 0 runs, 0 hits, 0 errors, 0 left on base; Vancouver 3 - Minnesota (NYP) 3
BOTTOM OF THE 11TH
Minnesota (NYP) Twins batting - Pitching for Vancouver Canadians : RHP Aaron Linkous
Batting: RHB Michael McDonald 0-0: Ball
1-0: Foul Ball, location: 2F
1-1: Foul Ball, location: 2F
1-2: Ball
2-2: Foul Ball, location: 2F
2-2: DOUBLE (Flyball, 8RXD, EV 106.2 MPH)
Batting: RHB Jose Nunez 0-0: Ball
1-0: Ball
2-0: Ball
Wild Pitch!
Michael McDonald to third
3-0: Called Strike
3-1: Fly out, F7 (Flyball, 7S, EV 79.4 MPH)
Batting: LHB Seung-jun Chang 0-0: Ball
Squeeze bunt is on, Michael McDonald is out
1-1: Ball
2-1: Ground out 2-3 (Groundball, 15S, EV 71.2 MPH)
Bottom of the 11th over - 0 runs, 1 hit, 0 errors, 0 left on base; Vancouver 3 - Minnesota (NYP) 3
TOP OF THE 12TH
Vancouver Canadians batting - Pitching for Minnesota (NYP) Twins : RHP Yat-sen Zhen
Batting: LHB Julio Canseco 0-0: Ball
1-0: Ground out 4-3 (Groundball, 4S, EV 68.1 MPH)
Batting: RHB John Michener 0-0: Called Strike
0-1: Foul Ball, location: 2F
0-2: Ball
1-2: Ball
2-2: Ball
3-2: Foul Ball, location: 2F
3-2: Foul Ball, location: 2F
3-2: Foul Ball, location: 2F
3-2: SINGLE (Groundball, 6D, EV 98.8 MPH)
Batting: LHB Roald Jacobs 0-0: Ball
John Michener steals 2nd base
1-0: Called Strike
1-1: Ground out U3 (Groundball, 34, EV 81.2 MPH)
John Michener to third
Batting: RHB Kyle Scruggs 0-0: Called Strike
0-1: Foul Ball, location: 2F
0-2: Ground out 4-3 (Groundball, 4MS, EV 88.1 MPH)
Top of the 12th over - 0 runs, 1 hit, 0 errors, 1 left on base; Vancouver 3 - Minnesota (NYP) 3
BOTTOM OF THE 12TH
Minnesota (NYP) Twins batting - Pitching for Vancouver Canadians : RHP Aaron Linkous
Batting: RHB David Nardone 0-0: Swinging Strike
0-1: Foul Ball, location: 2F
0-2: Strikes out looking and he ARGUES THE CALL AND IS TOSSED!
Batting: RHB Tony Crespo 0-0: Swinging Strike
0-1: Ball
1-1: Foul Ball, location: 2F
1-2: Ball
2-2: Ball
3-2: Strikes out swinging
Batting: RHB Chris Starcher 0-0: Called Strike
0-1: Foul Ball, location: 2F
0-2: Foul Ball, location: 2F
0-2: Ball
1-2: Strikes out looking
Bottom of the 12th over - 0 runs, 0 hits, 0 errors, 0 left on base; Vancouver 3 - Minnesota (NYP) 3
TOP OF THE 13TH
Vancouver Canadians batting - Pitching for Minnesota (NYP) Twins : RHP Yat-sen Zhen
Now in LF: Alex Loaiza
Now in RF: Chris Munguia
Batting: SHB Ryan Chicoine 0-0: Ball
1-0: Swinging Strike
1-1: SINGLE (Line Drive, 7S, EV 86.2 MPH)
Batting: SHB Jose Garcia 0-0: TRIPLE (Flyball, 9D, EV 93.8 MPH)
Ryan Chicoine scores
Batting: RHB Wade Diamond 0-0: Bunted foul
Squeeze bunt is on, Jose Garcia is out
0-2: Fly out, F8 (Flyball, 8RD, EV 93.8 MPH)
Batting: RHB Alex Vazquez 0-0: Called Strike
0-1: Called Strike
0-2: Ball
1-2: Strikes out swinging
Top of the 13th over - 1 run, 2 hits, 0 errors, 0 left on base; Vancouver 4 - Minnesota (NYP) 3
BOTTOM OF THE 13TH
Minnesota (NYP) Twins batting - Pitching for Vancouver Canadians : RHP Aaron Linkous
Pitching: LHP Tim Fried
Batting: LHB Chris Munguia 0-0: Ball
1-0: Called Strike
1-1: Ball
2-1: Called Strike
2-2: Ball
3-2: Strikes out looking
Batting: RHB Sean Gould 0-0: Ball
1-0: Ball
2-0: Ground out 4-3 (Groundball, 34S, EV 86.2 MPH)
Batting: SHB Ian Thompson 0-0: Ball
1-0: Foul Ball, location: 2F
1-1: Foul Ball, location: 2F
1-2: Ground out 6-3 (Groundball, 6S, EV 90.0 MPH)
Bottom of the 13th over - 0 runs, 0 hits, 0 errors, 0 left on base; Vancouver 4 - Minnesota (NYP) 3
Wednesday, June 22nd , 2022 - OOTP Baseball 23.4 Build 64